 Dungeon Crawl Stone Soup version 0.24-a0-366-gc1c896e988 (webtiles) character file.

Game seed: 12160191871978314329

11 D1HalberdGnoll the Caller (level 2, -4/24 HPs)
             Began as a Naga Summoner on May 28, 2019.
             Slain by a hobgoblin
             ... wielding a +0 club
              (5 damage)
             ... on level 1 of the Dungeon.
             The game lasted 00:00:55 (782 turns).

D1HalberdGnoll the Caller (Naga Summoner)            Turns: 782, Time: 00:00:55

Health: -4/24      AC:  1    Str: 10    XL:     2   Next: 25%
Magic:  3/5        EV: 10    Int: 15    God:
Gold:   44         SH:  0    Dex: 11    Spells: 4/5 levels left

rFire    . . .     SeeInvis +   f - +0 short sword
rCold    . . .     Gourm    .   (no shield)
rNeg     . . .     Faith    .   a - +0 robe
rPois    +         Spirit   .   (no helmet)
rElec    .         Reflect  .   (no cloak)
rCorr    .         Harm     .   (no gloves)
MR       .....                  (no barding)
Stlth    ++........             (no amulet)
HPRegen  0.08/turn              (no ring)
MPRegen  0.09/turn              (no ring)

@: very slow
A: large, see invisible, deformed body, poison resistance, slowness 2, slow
metabolism 1, spit poison 1, AC +0
a: Spit Poison


You were on level 1 of the Dungeon.
You were not hungry.

You visited 1 branch of the dungeon, and saw 1 of its levels.

You collected 44 gold pieces.

Inventory:

Hand Weapons
 f - a +0 short sword (weapon)
Armour
 a - a +0 robe (worn)
Scrolls
 e - 2 scrolls of remove curse {unknown}
 g - a scroll of magic mapping {unknown}
Potions
 d - a potion of flight {unknown}
Comestibles
 c - a ration


   Skills:
 + Level 0.5 Fighting
 + Level 1.7 Dodging
 + Level 3.3 Stealth
 - Level 2.0 Spellcasting
 * Level 4.2 Summonings


You had 4 spell levels left.
You knew the following spells:

 Your Spells              Type           Power        Failure   Level  Hunger
a - Summon Small Mammal   Summ           ##..         4%          1    #......

Your spell library contained the following spells:

 Spells                   Type           Power        Failure   Level  Hunger
 Call Imp                 Summ           ##......     6%          2    ###....
 Call Canine Familiar     Summ           ##......     12%         3    ###....
 Summon Guardian Golem    Hex/Summ       #.......     28%         3    ###....
 Summon Ice Beast         Ice/Summ       #.......     67%         4    #####..
 Summon Lightning Spire   Summ/Air       #.......     67%         4    #####..


Dungeon Overview and Level Annotations

Branches:
Dungeon (1/15)

Altars:


Innate Abilities, Weirdness & Mutations

You cannot wear boots.
Your serpentine skin is tough. (AC +0)
You have supernaturally acute eyesight. (SInv)
Armour fits poorly on your strangely shaped body.
Your system is resistant to poisons. (rPois)
You cover ground very slowly.
You have a slow metabolism.
You can spit poison.


Message History

Your quokka bites the leopard gecko but does no damage.
The leopard gecko bites you.
* * * LOW HITPOINT WARNING * * *
You hit the leopard gecko.
You kill the leopard gecko!
You have got your breath back.
Your bat closely misses the hobgoblin.
The hobgoblin hits your quokka with a +0 club.
Your quokka dies!
Your quokka's corpse disappears in a puff of smoke!
Your bat closely misses the hobgoblin.
You see here a leopard gecko corpse.
You butcher the leopard gecko corpse.
The hobgoblin hits you with a +0 club.
* * * LOW HITPOINT WARNING * * *
Your bat hits the hobgoblin but does no damage.
Things that are here:
2 chunks of flesh; a leopard gecko skeleton Your bat hits the hobgoblin but does no damage. x2
The hobgoblin hits you with a +0 club.
You die...

#.......#
#.###########
#.......#
#.#....#
#.......#
#...##.#
#.......#
######.# #####
#.......#
#......# .....
........#
#.######......
........# #.#
#......
........##
#.#####...b...
.........#
#....@g†......
#........#
#.............
#.###....#
#.............
#.# #....#
#.............
#># #....#
#.#####.......
#.# #....# #.#
....... #.#
#(...# #.#
#...... #.#
#....# #.#
......
#.###÷...#


You could see a hobgoblin and a friendly bat.

Vanquished Creatures
  A leopard gecko (D:1)
  4 bats (D:1)
  A kobold (D:1)
6 creatures vanquished.

Vanquished Creatures (collateral kills)
  2 leopard geckos (D:1)
  A giant cockroach (D:1)
  A frilled lizard (D:1)
4 creatures vanquished.

Grand Total: 10 creatures vanquished

Notes
Turn   | Place    | Note
-------+----------+-------------------------------------------
     0 | D:1      | D1HalberdGnoll the Naga Summoner began the quest for the
                  | Orb.
     0 | D:1      | Reached XP level 1. HP: 15/15 MP: 3/3
   682 | D:1      | Reached XP level 2. HP: 24/24 MP: 1/5
   781 | D:1      | HP: 1/24 [hobgoblin/+0 club (5)]
   782 | D:1      | Slain by a hobgoblin

Levels and vault maps discovered:
D:1:      nzn_arrival_settlement, layout_basic

Action                   || total
-------------------------++-------
Melee: Unarmed           ||     7
       Short sword       ||    18
 Cast: Summon Small Mamm ||    12
 Abil: Spit Poison       ||     3
 Stab: Sleeping          ||     1
Armor: Robe              ||    17
Dodge: Dodged            ||    32

Table legend:
 A = Non-vault XP
 B = Vault XP
 C = Vault XP percentage of total XP
 D = Non-vault monster count
 E = Vault monster count
 F = Vault count percentage of total count
                 A         B        C        D         E       F
            +---------+---------+-------+---------+---------+-------
      Total |      16 |       0 |   0.0 |      10 |       0 |   0.0
            +---------+---------+-------+---------+---------+-------
        D:1 |      16 |       0 |   0.0 |      10 |       0 |   0.0
            +---------+---------+-------+---------+---------+-------
